 Dungeon Crawl Stone Soup version 0.31.0-11-ge490571c62 (webtiles) character file.

Game seed: 15917778301429953468

114 Gadfly the Ruffian (level 4, -2/33 HPs)
             Began as a Demonspawn Shapeshifter on Jan 27, 2024.
             Slain by a quokka (3 damage)
             ... on level 3 of the Dungeon.
             The game lasted 00:02:23 (1913 turns).

Gadfly the Ruffian (Demonspawn Shapeshifter)        Turns: 1913, Time: 00:02:24

Health: -2/33      AC:  2    Str: 17    XL:     4   Next: 67%
Magic:  4/4        EV: 12    Int: 10    God:
Gold:   96         SH:  0    Dex: 12    Spells: 3/3 levels left

rFire   . .          .
                       - Unarmed
rCold   . . .        (no shield)
rNeg    . . .        a - +0 animal skin
rPois   .            (helmet currently unavailable)
rElec   .            (cloak currently unavailable)
rCorr   .            (gloves currently unavailable)
SInv    .            (boots currently unavailable)
Will    .....        (no amulet)
Stlth   +            k - ring of flight
HPRegen 0.25/turn    (no ring)
MPRegen 0.09/turn

%: no passive effects
@: beast-form, flying
A: beast (slay +1), antennae 1, foul stench 1
a: Begin Untransformation


You were on level 3 of the Dungeon.
You were a hulking beast.
You visited 1 branch of the dungeon, and saw 3 of its levels.

You collected 96 gold pieces.

Inventory:

Hand Weapons
 b - a +1 dagger of draining
Armour
 a - a +0 animal skin (worn)
Jewellery
 k - a ring of flight (left hand)
Talismans
 c - a beast talisman
 d - a flux talisman
Scrolls
 h - 2 scrolls of blinking
Potions
 e - a potion of curing
 f - a potion of ambrosia {unknown}
 g - a potion of lignification


   Skills:
 + Level 1.8 Fighting
 * Level 2.8 Dodging
 + Level 3.1 Unarmed Combat
 * Level 2.1 Evocations
 + Level 3.1 Shapeshifting


You had 3 spell levels left.
You didn't know any spells.
Your spell library contained the following spells:

 Spells                   Type           Power      Damage    Failure   Level
 Conjure Ball Lightning   Conj/Air       0%         3x3d6     100%        6
 Discord                  Hex            0%         N/A       100%        8
 Disjunction              Tloc           0%         N/A       100%        8


Dungeon Overview and Level Annotations

Branches:
Dungeon (3/15)

Altars:

Shops:
D:2 :


Innate Abilities, Weirdness & Mutations

You are a hulking beast.
Your limbs bulge with bestial killing power. (Slay +1)
You have a pair of small antennae on your head.
You may rarely emit foul miasma when damaged in melee.


Message History

The gnoll closely misses you.
You miss the quokka.
The quokka is moderately wounded.
The quokka bites you. The gnoll closely misses you.
The quokka barely misses you.
You hit the quokka.
The quokka is heavily wounded.
The quokka bites you but does no damage.
You barely miss the quokka.
The quokka is heavily wounded.
The gnoll hits you from afar with a +0 halberd!
The quokka barely misses you.
You hit the quokka but do no damage.
The quokka is heavily wounded.
The quokka bites you but does no damage.
The gnoll barely misses you. x2
You closely miss the quokka.
The quokka is heavily wounded.
The quokka bites you but does no damage.
The gnoll hits you from afar with a +0 halberd! x2
* * * LOW HITPOINT WARNING * * *
You are too injured to fight recklessly!
You are too injured to fight recklessly!
You are too injured to fight recklessly!
You are too injured to fight recklessly!
You are too injured to fight recklessly!
You are too injured to fight recklessly!
You are too injured to fight recklessly!
You are too injured to fight recklessly!
You are too injured to fight recklessly!
You are too injured to fight recklessly!
You are too injured to fight recklessly!
You are too injured to fight recklessly!
You are too injured to fight recklessly!
You are too injured to fight recklessly!
You are too injured to fight recklessly!
You are too injured to fight recklessly!
Unknown command.
The quokka attacks as it pursues you! The quokka bites you.
You die...

###### ##....###
#.......#
#.†...#h#
##########.....#r#
#.<........#####.#
#####..........ggg
#.#########...#
#.# #...# #.#
#...# #.# #...#
#.# #...#


You could see 3 gnolls and a quokka.

Vanquished Creatures
  A bombardier beetle (D:2)
  3 adders (D:2)
  A dart slug (D:2)
  3 ribbon worms (D:2)
  A bat (D:1)
  6 endoplasms
  4 giant cockroaches
  4 goblins
  4 hobgoblins (D:1)
  5 kobolds
  3 quokkas
  7 rats
42 creatures vanquished.

Notes
Turn   | Place    | Note
-------+----------+-------------------------------------------
     0 | D:1      | Gadfly the Demonspawn Shapeshifter began the quest for the
                  | Orb.
     0 | D:1      | Reached XP level 1. HP: 15/15 MP: 1/1
   139 | D:1      | Gained mutation: You may rarely emit foul miasma when
                  | damaged in melee. [demonic ancestry]
   139 | D:1      | Reached XP level 2. HP: 20/21 MP: 2/2
   357 | D:1      | Reached skill level 1 in Evocations
   744 | D:2      | Reached XP level 3. HP: 22/26 MP: 3/3
   974 | D:2      | Gained mutation: You have a pair of small antennae on your
                  | head. [demonic ancestry]
   974 | D:2      | Reached XP level 4. HP: 11/33 MP: 4/4
  1326 | D:2      | Found Caze's Book Boutique.
  1912 | D:3      | HP: 1/33 [gnoll/+0 halberd (10)]
  1913 | D:3      | Slain by a quokka

Illustrated notes

Levels and vault maps discovered:
D:1:      wander_arrival_fairy_ring, layout_rooms, serial_corexii_hall,
          chequers_hall_statues_corner_a, corexii_hall_statues_x,
          corexii_hall_statues_l, corexii_hall_statues_l
D:2:      layout_basic, serial_shops, shop_statue
D:3:      layout_basic, minmay_quadrilaterals, uniq_grinder

Skill      XL: |  1  2  3  4 |
---------------+-------------+-----
Dodging        | 2 |  2.8
Evocations     | 1 2 |  2.1
Unarmed Combat | 3 |  3.1
Shapeshifting  | 3 |  3.1
Fighting       | |  1.8

Action                     |  1- 3 |  4- 6 || total
---------------------------+-------+-------++-------
  Melee: Unarmed           |    84 |    37 ||   121
         Punch             |     3 |     1 ||     4
         Dagger            |       |    18 ||    18
    Use: Scroll            |     2 |     3 ||     5
   Stab: Sleeping          |     1 |     1 ||     2
 Armour: Animal skin       |    32 |    39 ||    71
  Dodge: Dodged            |    36 |    24 ||    60
